 Dungeon Sprint DCSS version 0.28-a0-1374-ga75cb3825e (webtiles) character file.

Game seed: 6676742374463700332

11412 mhtbhm the Warrior (level 11, -2/171 HPs)
             Began as a Minotaur Fighter on Dec 31, 2021.
             Was the Champion of Makhleb.
             Slain by an Executioner (15 damage)
             ... summoned by the player character
             ... in the Dungeon (Sprint IX: "|||||||||||||||||||||||||||||").
             The game lasted 00:05:32 (3877 turns).

mhtbhm the Warrior (Minotaur Fighter)               Turns: 3877, Time: 00:05:33

Health: -2/171     AC: 19    Str: 25    XL:     11   Next: 49%
Magic:  19/19      EV: 13    Int:  8    God:    Makhleb [******]
Gold:   1220       SH:  7    Dex: 10    Spells: 10/10 levels left

rFire   + . .      SeeInvis .   a - +0 flail
rCold   . . .      Faith    .   c - +0 buckler
rNeg    . . .      Spirit   .   b - +2 chain mail {rF+}
rPois   .          Reflect  .   (helmet restricted)
rElec   .          Harm     .   m - +0 cloak
rCorr   .          Rampage  .   n - +0 pair of gloves
Will    .....      NoTele   +   v - +0 pair of boots
Stlth   ..........              (no amulet)
HPRegen 0.38/turn               o - +2 ring of evasion
MPRegen 0.16/turn               p - +3 ring of intelligence

@: berserking, hasted, very quick
A: horns 2, retaliatory headbutt
a: Renounce Religion, Minor Destruction, Lesser Servant of Makhleb, Major
Destruction, Greater Servant of Makhleb


You were in the Dungeon.
You worshipped Makhleb.
Makhleb was exalted by your worship.
You visited 1 branch You collected 1220 gold pieces.

Inventory:

Hand Weapons
 a - a +0 flail (weapon)
Armour
 b - a +2 chain mail of fire resistance (worn)
 c - a +0 buckler (worn)
 m - a +0 cloak (worn)
 n - a +0 pair of gloves (worn)
 v - a +0 pair of boots (worn)
Jewellery
 o - a +2 ring of evasion (left hand)
 p - a +3 ring of intelligence (right hand)
Wands
 l - a wand of acid (2)
Scrolls
 k - 2 scrolls of amnesia
 q - 2 scrolls of enchant weapon
 r - a scroll of fear
 s - 2 scrolls of enchant armour
 t - 2 scrolls of identify
Potions
 d - 2 potions of might
 e - 3 potions of curing
 h - 5 potions of magic
 u - 4 potions of mutation


   Skills:
 + Level 16.2 Fighting
 + Level 15.9 Maces & Flails
 + Level 13.6 Armour
 + Level 8.9 Dodging
 + Level 4.4 Stealth
 + Level 14.0 Shields
 * Level 12.3 Invocations
 + Level 3.2 Evocations


You had 10 spell levels left.
You didn't know any spells.
Your spell library was empty.

Dungeon Overview and Level Annotations

Branches:
Dungeon (1/1)

Altars:
Cheibriados
Dithmenos
Elyvilon
Fedhas
Gozag
Hepliaklqana
Kikubaaqudgha
Makhleb
Nemelex Xobeh
Okawaru
Qazlal
Ru
Sif Muna
Trog
Uskayaw
Vehumet
Wu Jian
Xom
Yredelemnul
Zin
The Shining One
Beogh
Jiyva
Lugonu

Shops:
D ::


Innate Abilities, Weirdness & Mutations

You have a pair of horns on your head.
You reflexively headbutt those who attack you in melee.


Message History

Things that are here:
a +0 dagger; a +0 robe The Executioner hits you but does no damage. x2
You block the Executioner's attack.
Things that are here:
a +0 hand axe; a +0 leather armour Unknown command.
You feel much better. The Executioner hits you!!
* * * LOW HITPOINT WARNING * * *
The Executioner hits you but does no damage.
The Executioner hits you.
* * * LOW HITPOINT WARNING * * *
A red film seems to cover your vision as you go berserk!
You feel yourself moving faster!
You feel mighty! The Executioner hits you!
* * * LOW HITPOINT WARNING * * *
The Executioner hits you but does no damage. x3
The Executioner misses you.
The Executioner hits you but does no damage.
You barely miss the Executioner. You headbutt the Executioner!
The Executioner is moderately wounded.
The Executioner hits you but does no damage. x2
You block the Executioner's attack. The Executioner hits you.
* * * LOW HITPOINT WARNING * * *
You block the Executioner's attack.
The Executioner hits you but does no damage.
Press: ? - help, v - describe, . - travel, g - get item
Here: an Executioner (moderately wounded, summoned, fast)
Items here: a +0 dagger; a +0 robe.
The floor, spattered with blood.
You miss the Executioner.
You headbutt the Executioner, but do no damage.
The Executioner is moderately wounded.
The Executioner barely misses you. You furiously retaliate!
You headbutt the Executioner!! You block the Executioner's attack.
The Executioner hits you.
* * * LOW HITPOINT WARNING * * *
You hit the Executioner. Your headbutt misses the Executioner.
The Executioner is heavily wounded.
The Executioner hits you!
You die...

______________'...))'....†)...<▓
▓▓▓▓▓▓▓▓▓▓▓▓▓▓▓▓▓▓▓▓▓▓▓▓▓▓▓▓▓▓▓▓
...............................▓
▓▓▓▓▓▓▓▓▓▓▓▓▓▓▓▓▓▓▓▓▓▓▓▓▓▓▓▓▓▓.▓
.........'.....)|[.....'.......▓
▓▓▓▓▓▓▓▓▓▓▓▓▓▓▓▓▓▓▓▓▓▓▓▓▓▓▓▓▓▓▓▓
........[.......[..............▓
▓▓▓▓▓▓▓▓▓▓▓▓▓▓▓▓▓▓▓▓▓▓▓▓▓▓▓▓▓▓.▓
.))'.......))))1@').)........)[▓
▓▓▓▓▓▓▓▓▓▓▓▓▓▓▓▓▓▓▓▓▓▓▓▓▓▓▓▓▓▓▓▓


You could see an Executioner (summoned, fast).

Vanquished Creatures
  Gastronok (D)
  A centaur warrior (D)
  A hydra (D)
  2 orc high priests (D)
  2 orc knights (D)
  2 cyclopes (D)
  Maurice (D)
  2 cane toads (D)
  3 komodo dragons (D)
  A troll (D)
  5 polar bears (D)
  3 yaks (D)
  6 water moccasins (D)
  6 orc warriors (D)
  4 black bears (D)
  3 wolves (D)
  A centaur (D)
  A phantom (D)
  A gnoll sergeant (D)
  6 orc priests (D)
  5 orc wizards (D)
  An adder (D)
  A gnoll (D)
  An adder zombie (D)
  A dart slug (D)
  6 orcs (D)
  A bat (D)
  A giant cockroach (D)
  A goblin (D)
  A giant cockroach zombie (D)
  A rat (D)
72 creatures vanquished.

Vanquished Creatures (collateral kills)
  An orc knight (D)
  3 orc warriors (D)
  An orc (D)
5 creatures vanquished.

Vanquished Creatures (others)
  A deep elf pyromancer (D)
  A gargoyle (D)
2 creatures vanquished.

Grand Total: 79 creatures vanquished

Notes
Turn   | Place    | Note
-------+----------+-------------------------------------------
     0 | D        | mhtbhm the Minotaur Fighter began the quest for the Orb.
     0 | D        | Reached XP level 1. HP: 19/19 MP: 0/0
     9 | D        | Reached skill level 4 in Fighting
    78 | D        | Noticed a phantom
    82 | D        | Reached skill level 5 in Fighting
    82 | D        | Reached XP level 2. HP: 29/29 MP: 1/1
    84 | D        | Reached skill level 5 in Armour
    84 | D        | Reached skill level 5 in Shields
    87 | D        | Killed a phantom
    88 | D        | Reached skill level 6 in Fighting
    88 | D        | Reached XP level 3. HP: 38/38 MP: 2/2
    88 | D        | Reached XP level 4. HP: 45/45 MP: 3/3
    93 | D        | Reached skill level 7 in Fighting
   123 | D        | Found a snail-covered altar of Cheibriados.
   123 | D        | Found a shadowy altar of Dithmenos.
   123 | D        | Found a white marble altar of Elyvilon.
   123 | D        | Found a blossoming altar of Fedhas.
   123 | D        | Found an opulent altar of Gozag.
   124 | D        | Found a hazy altar of Hepliaklqana.
   125 | D        | Found a viscous altar of Jiyva.
   126 | D        | Found an ancient bone altar of Kikubaaqudgha.
   127 | D        | Found a corrupted altar of Lugonu.
   128 | D        | Found a burning altar of Makhleb.
   129 | D        | Found a sparkling altar of Nemelex Xobeh.
   130 | D        | Found an iron altar of Okawaru.
   131 | D        | Found a stormy altar of Qazlal.
   132 | D        | Found a sacrificial altar of Ru.
   133 | D        | Found a shimmering blue altar of Sif Muna.
   134 | D        | Found a bloodstained altar of Trog.
   135 | D        | Found a hide-covered altar of Uskayaw.
   136 | D        | Found a radiant altar of Vehumet.
   137 | D        | Found an ornate altar of the Wu Jian Council.
   138 | D        | Found a shimmering altar of Xom.
   139 | D        | Found a basalt altar of Yredelemnul.
   140 | D        | Found a glowing silver altar of Zin.
   141 | D        | Found a glowing golden altar of the Shining One.
   184 | D        | Became a worshipper of Makhleb the Destroyer
   243 | D        | Noticed a yak
   243 | D        | Noticed a gnoll sergeant
   243 | D        | Noticed a centaur
   243 | D        | Noticed a troll
   243 | D        | Noticed an orc warrior
   248 | D        | Killed an orc warrior
   248 | D        | Killed a centaur
   248 | D        | Killed a gnoll sergeant
   248 | D        | Reached * piety under Makhleb
   249 | D        | Reached skill level 9 in Fighting
   249 | D        | Reached XP level 5. HP: 27/57 MP: 3/7
   249 | D        | Reached XP level 6. HP: 30/63 MP: 3/8
   250 | D        | Killed a troll
   251 | D        | Reached skill level 1 in Dodging
   251 | D        | Reached skill level 5 in Invocations
   251 | D        | Reached XP level 7. HP: 54/71 MP: 3/9
   268 | D        | Killed a yak
   269 | D        | Reached skill level 10 in Fighting
   269 | D        | Reached skill level 1 in Evocations
   271 | D        | Reached ** piety under Makhleb
   501 | D        | Noticed a cyclops
   501 | D        | Noticed a cyclops
   501 | D        | Noticed a gargoyle
   501 | D        | Noticed a centaur warrior
   501 | D        | Noticed a deep elf pyromancer
   506 | D        | Killed a deep elf pyromancer
   507 | D        | Reached skill level 11 in Fighting
   507 | D        | Reached skill level 10 in Armour
   507 | D        | Reached skill level 10 in Shields
   507 | D        | Reached XP level 8. HP: 63/82 MP: 11/11
   516 | D        | Killed a gargoyle
   517 | D        | Killed a centaur warrior
   518 | D        | Reached skill level 12 in Fighting
   518 | D        | Reached skill level 10 in Maces & Flails
   521 | D        | Killed a cyclops
   529 | D        | Killed a cyclops
   530 | D        | Reached XP level 9. HP: 35/91 MP: 12/14
   536 | D        | Reached *** piety under Makhleb
   871 | D        | Noticed a komodo dragon
   879 | D        | Reached skill level 1 in Stealth
   898 | D        | Killed a komodo dragon
   901 | D        | Reached **** piety under Makhleb
   909 | D        | Reached skill level 5 in Dodging
   923 | D        | Reached ***** piety under Makhleb
  1194 | D        | Noticed a komodo dragon
  1194 | D        | Noticed a cane toad
  1194 | D        | Noticed an eight-headed hydra
  1199 | D        | Noticed a komodo dragon
  1205 | D        | Killed an eight-headed hydra
  1206 | D        | Reached skill level 13 in Fighting
  1210 | D        | Killed a cane toad
  1211 | D        | Reached XP level 10. HP: 35/101 MP: 14/16
  1215 | D        | Noticed a cane toad
  1236 | D        | Reached skill level 10 in Invocations
  1600 | D        | Killed a cane toad
  1607 | D        | Reached ****** piety under Makhleb
  1700 | D        | Reached skill level 14 in Fighting
  1925 | D        | Noticed Gastronok
  1948 | D        | Killed Gastronok
  1949 | D        | Reached skill level 15 in Maces & Flails
  1949 | D        | Reached XP level 11. HP: 45/111 MP: 18/18
  2184 | D        | Noticed Maurice
  2209 | D        | Killed Maurice
  2560 | D        | Noticed an orc knight
  2583 | D        | Killed an orc knight
  2584 | D        | Reached skill level 15 in Fighting
  2926 | D        | Noticed an orc knight
  2938 | D        | Noticed an orc knight
  2959 | D        | Killed an orc knight
  3339 | D        | Killed an orc knight
  3782 | D        | Noticed an orc high priest
  3792 | D        | Noticed a sun demon
  3792 | D        | Killed an orc high priest
  3793 | D        | Reached skill level 16 in Fighting
  3836 | D        | Found Taihuynga's Book Boutique.
  3836 | D        | Noticed an orc high priest
  3836 | D        | Noticed an orc high priest
  3837 | D        | Noticed an orc high priest
  3846 | D        | Killed an orc high priest
  3851 | D        | Found Puuch's Book Shop.
  3852 | D        | Noticed a sun demon
  3857 | D        | Noticed an Executioner
  3877 | D        | Slain by an Executioner

Illustrated notes

Levels and vault maps discovered:
D:        linesprint [early_d, line_temple, items_1, d_10, items_2, lair_1,
          lair_end, items_3, orc_1, orc_end, items_4, d_15, swamp_1, shoals_1,
          snake_1, spider_1, d_20, vaults_1, items_5, swamp_end, shoals_end,
          snake_end, spider_end, vaults_end, d_27, items_6, zot_1, zot_end,
          crypt_end, forest_end, elf_end, slime_end, tomb_end, abyss_end,
          pan_hell_end]

Skill      XL: |  1  2  3  4  5  6  7  8  9 10 11 |
---------------+----------------------------------+-----
Fighting       | 5 6 9 11 12 13 14 16 | 16.2
Armour         | 4 6 8 9 10 11 12 13 | 13.6
Shields        | 4 6 8 9 10 11 13 14 | 14.0
Maces & Flails | 3 4 7 8 9 11 13 15 | 15.9
Invocations    | 4 5 6 8 9 11 12 | 12.3
Dodging        | 1 2 4 6 7 8 |  8.9
Evocations     | 1 2 3 |  3.2
Stealth        | 3 4 |  4.4

Action                   |  1- 3 |  4- 6 |  7- 9 | 10-12 || total
-------------------------+-------+-------+-------+-------++-------
Melee: Flail             |    17 |     7 |   107 |   265 ||   396
       Headbutt          |       |     3 |    25 |    64 ||    92
Invok: Minor Destruction |       |       |     1 |       ||     1
       Lesser Servant of |       |       |       |     3 ||     3
       Greater Servant o |       |       |       |     1 ||     1
Evoke: Wand              |       |     2 |     2 |     4 ||     8
  Use: Potion            |     1 |     1 |     5 |     4 ||    11
       Scroll            |       |       |       |     2 ||     2
 Stab: Invisible         |       |       |     3 |       ||     3
Armor: Scale mail        |     4 |       |       |       ||     4
       Ring mail         |       |     1 |    36 |    47 ||    84
       Chain mail        |       |       |       |    18 ||    18
Dodge: Dodged            |    10 |     6 |    67 |    88 ||   171
Block: Buckler           |     3 |     2 |    28 |    66 ||    99

Table legend: (Time is in decaauts)
 A = Elapsed time spent in this place.
 B = Non-inter-level travel time spent in this place.
 C = Inter-level travel time spent in this place.
 D = Time resting spent in this place.
 E = Time spent auto-exploring this place.
 F = Levels seen in this place.
 G = Mean time per level.
                   A        B        C        D        E       F      G
               +--------+--------+--------+--------+--------+-----+--------+
         Total |   3766 |   3658 |    108 |   2232 |    538 |   1 | 3766.0 |
       Dungeon |   3766 |   3658 |    108 |   2232 |    538 |   1 | 3766.0 |
               +--------+--------+--------+--------+--------+-----+--------+

Top non-repeatable levels by time:
       D: 3766 daAuts
